 Dungeon Crawl Stone Soup version 0.28.0-43-g3370ac3207 (webtiles) character file.

Game seed: 7293093977192834458

1504 zeratav the Insei (level 8, -8/81 HPs)
             Began as an Octopode Transmuter on Apr 1, 2022.
             Was an Initiate of Ashenzari.
             Mangled by a killer bee (9 damage)
             ... on level 5 of the Dungeon.
             The game lasted 00:31:06 (7555 turns).

zeratav the Insei (Octopode Transmuter)             Turns: 7555, Time: 00:31:08

Health: -8/81      AC:  2    Str:  9    XL:     8   Next: 82%
Magic:  9/14       EV: 21    Int: 18    God:    Ashenzari [......]
Gold:   216        SH:  0    Dex: 17    Spells: 11/15 levels left

rFire   + . .      SeeInvis .     - Unarmed
rCold   . . .      Faith    .   (shield currently unavailable)
rNeg    . . .      Spirit   .   (helmet currently unavailable)
rPois   x          Reflect  .   (no amulet)
rElec   .          Harm     .   g - ring of protection from fire
rCorr   .          Rampage  .   i - ring of willpower
Will    +....                   (no ring)
Stlth   ..........              (no ring)
HPRegen 0.23/turn               (no ring)
MPRegen 0.14/turn               (no ring)
                                (no ring)
                                (no ring)

@: berserking, lethally poisoned (-8 -> -25), spider-form, very slightly
contaminated, very quick
A: venomous fangs, almost no armour, (amphibious), 8 rings, tiny, (camouflage
1), (gelatinous body 1), (nimble swimmer 1), (tentacles)
a: End Transformation, Renounce Religion, Curse Item


You were on level 5 of the Dungeon.
You worshipped Ashenzari.
Ashenzari was noncommittal.
You were a venomous arachnid creature.
You visited 2 branches of the dungeon, and saw 6 of its levels.

You collected 216 gold pieces.

Inventory:

Hand Weapons
 j - the +6 spear "Ikuissoe" {drain, Dex+5 SInv}
   (You found it on level 2 of the Dungeon)

   A truly terrible weapon, it drains the life of any living foe it strikes.
   Dex:       It affects your dexterity (+5).
   SInv:      It lets you see invisible.
Missiles
 b - 141 stones
 h - 7 poisoned darts (quivered)
Armour
 l - a +2 hat (melded)
Jewellery
 g - a ring of protection from fire (left front leg)
 i - a ring of willpower (right front leg)
Wands
 a - a wand of polymorph (10)
Scrolls
 d - 2 scrolls of identify
 e - a scroll of silence
 o - a scroll of fear
Potions
 c - a potion of brilliance {unknown}
 f - a potion of resistance {unknown}
 k - 2 potions of flight {unknown}
 m - a potion of curing {unknown}
 n - 2 potions of degeneration {unknown}
 p - a potion of magic {unknown}
 q - a potion of attraction {unknown}
 r - a potion of berserk rage


   Skills:
 * Level 4.5 Fighting
 + Level 4.0 Dodging
 - Level 1.0 Stealth
 + Level 6.5 Unarmed Combat
 + Level 4.2 Spellcasting
 + Level 4.1 Transmutations
 * Level 1.5 Ice Magic
 + Level 3.3 Poison Magic


You had 11 spell levels left.
You knew the following spells:

 Your Spells              Type           Power      Damage    Failure   Level
a - Beastly Appendage     Tmut           36%        N/A       10%         1
b - Spider Form           Tmut/Pois      17%        N/A       24%         3

Your spell library contained the following spells:

 Spells                   Type           Power      Damage    Failure   Level
 Wereblood                Tmut           18%        N/A       13%         2
 Passwall                 Tmut/Erth      9%         N/A       24%         2
 Poisonous Vapours        Pois/Air       18%        N/A       26%         2
 Magic Dart               Conj           12%        1d3       32%         1
 Ensorcelled Hibernation  Hex/Ice        12%        N/A       34%         2
 Call Imp                 Summ           3%         N/A       43%         2
 Corpse Rot               Necr/Air       6%         N/A       43%         2
 Mephitic Cloud           Conj/Pois/Air  7%         N/A       50%         3
 Swiftness                Air            3%         N/A       63%         3
 Tukima's Dance           Hex            3%         N/A       63%         3
 Ice Form                 Ice/Tmut       14%        N/A       63%         4
 Anguish                  Hex/Necr       1%         N/A       93%         4
 Enfeeble                 Hex            1%         N/A       100%        7


Dungeon Overview and Level Annotations

Branches:
Dungeon (5/15)             Temple (1/1) D:4

Altars:
Ashenzari
Cheibriados
Dithmenos
Elyvilon
Fedhas
Gozag
Hepliaklqana
Makhleb
Okawaru
Qazlal
Ru
Trog
Vehumet
Wu Jian
Xom
Yredelemnul
Zin

Annotations:
D:3 2 transporters, croobank's ghost, amateur HOFi


Innate Abilities, Weirdness & Mutations

You are a venomous arachnid creature.
You have poisonous fangs.
You are tiny and dextrous.
Your spellcasting is less reliable in this form.
Your armour is entirely melded.
You are incapable of wielding weapons or throwing items.
You cannot wear most types of armour.
((You are amphibious.))
You can wear up to eight rings at the same time.
((Your skin changes colour to match your surroundings (Stealth+).))
((Your rubbery body absorbs attacks. (AC +1, EV +1)))
((You are camouflaged when in or above water. (Stealth+)))
((You have tentacles for arms and can constrict up to eight enemies at once.))


Message History

The centaur is heavily wounded.
The killer bee stings you!
You are poisoned.
The killer bee poisons you! The centaur misses you. x2
You hit the centaur.
The centaur looks even sicker.
The centaur is heavily wounded.
You feel very sick. The killer bee misses you. The centaur closely misses you.
The centaur barely misses you. The killer bee closely misses you.
The killer bee stings you.
Found a scroll labelled MAURUO LIRPHA.
You feel very sick. The centaur closely misses you.
The centaur barely misses you. The killer bee barely misses you.
The centaur hits you. The centaur completely misses you.
You feel sick.
You closely miss the killer bee.
You feel sick.
The killer bee stings you but does no damage.
The killer bee misses you. The centaur misses you.
The centaur kicks you but does no damage.
The killer bee stings you. The killer bee closely misses you.
The centaur barely misses you. The centaur misses you.
You bite the killer bee!
The killer bee is poisoned.
The killer bee is heavily wounded.
You feel sick. The killer bee stings you!
* * * LOW HITPOINT WARNING * * *
You are lethally poisoned!
The killer bee poisons you! The killer bee completely misses you.
The centaur hits you.
* * * LOW HITPOINT WARNING * * *
The centaur completely misses you. The killer bee closely misses you.
The killer bee barely misses you.
It was a potion of berserk rage.
A red film seems to cover your vision as you go berserk!
You feel yourself moving faster!
You feel mighty!
* * * LOW HITPOINT WARNING * * *
You feel very sick.
You kill the centaur!
The killer bee stings you!
You die...

.....##....# ....###+##..
.....##....# ...#.?...y
.....##....# ...+.....#
......#....#######.....#
.....##....#....... ... .....#
#......##'## .....#
#......'...######## .....##.
#...y)y#...##.....# .........
#....sy#...##.....# .........
#......#...##.....#
##+######+##......#..........#
#........>(#..........#
#....#######...##.....#
#....#....##...########
#....#.....#....#
#....#.....'....#
#....#######....#


You could see 3 killer bees.

Vanquished Creatures
  Pikel (D:3)
  Grinder (D:3)
  A water moccasin (D:4)
  A black bear (D:4)
  An ogre (D:4)
  A centaur (D:5)
  A phantom (D:5)
  A howler monkey (D:5)
  A centaur zombie (D:5)
  2 orc priests
  2 hounds
  A bullfrog skeleton (D:3)
  An iguana (D:2)
  A hound skeleton (D:4)
  6 gnolls
  6 adders
  An adder skeleton (D:5)
  2 worms
  3 dart slugs
  6 orcs
  11 endoplasms
  7 goblins
  10 hobgoblins
  2 jackals (D:2)
  3 quokkas
  5 ball pythons
  7 bats
  5 frilled lizards
  9 kobolds
  22 rats
121 creatures vanquished.

Vanquished Creatures (others)
  2 plants (D:2)
2 creatures vanquished.

Grand Total: 123 creatures vanquished

Notes
Turn   | Place    | Note
-------+----------+-------------------------------------------
     0 | D:1      | zeratav the Octopode Transmuter began the quest for the
                  | Orb.
     0 | D:1      | Reached XP level 1. HP: 13/13 MP: 3/3
   428 | D:1      | Reached XP level 2. HP: 16/18 MP: 3/5
   473 | D:1      | Found a faded altar of an unknown god.
  1003 | D:1      | Reached XP level 3. HP: 19/23 MP: 4/6
  1907 | D:1      | Learned a level 3 spell: Spider Form
  2122 | D:2      | Reached skill level 1 in Stealth
  2122 | D:2      | Reached XP level 4. HP: 12/29 MP: 3/7
  2503 | D:2      | Identified the +6 spear "Ikuissoe" {drain, Dex+5 SInv}
  3249 | D:2      | Reached skill level 1 in Poison Magic
  3955 | D:2      | Reached XP level 5. HP: 29/34 MP: 7/9
  4253 | D:3      | Noticed Grinder
  4321 | D:3      | Killed Grinder
  4322 | D:3      | Reached skill level 4 in Unarmed Combat
  4322 | D:3      | Reached XP level 6. HP: 28/41 MP: 10/10
  4571 | D:3      | Noticed croobank's ghost (amateur HOFi)
  4572 | D:3      | Found a transporter.
  4592 | D:3      | Found a transporter.
  5054 | D:4      | Noticed a water moccasin
  5068 | D:4      | Killed a water moccasin
  5069 | D:4      | Reached XP level 7. HP: 20/46 MP: 8/12
  5379 | D:4      | Noticed Pikel
  5489 | D:3      | HP: 2/46 [Pikel/+2 whip of flaming (3)]
  5492 | D:3      | Killed Pikel
  5493 | D:3      | Reached skill level 5 in Unarmed Combat
  5493 | D:3      | Reached XP level 8. HP: 22/54 MP: 11/14
  5685 | D:4      | Reached skill level 6 in Unarmed Combat
  6164 | D:4      | Found a staircase to the Ecumenical Temple.
  6177 | Temple   | Entered the Ecumenical Temple
  6432 | Temple   | Became a worshipper of Ashenzari the Shackled
  6793 | D:4      | Reached skill level 1 in Ice Magic
  7013 | D:5      | Entered Level 5 of the Dungeon
  7555 | D:5      | HP: 1/81 [poisoned by a killer bee]
  7555 | D:5      | Mangled by a killer bee

Illustrated notes

Levels and vault maps discovered:
D:1:      dpeg_arrival_snail, layout_basic, ebering_ecumenical_altar_sacrificial
D:2:      layout_loops_corners, serial_forest, infiniplex_forest_straight_1,
          infiniplex_forest_lined_room_2, infiniplex_forest_end_2,
          infiniplex_forest_side_room, infiniplex_forest_lined_2,
          infiniplex_forest_lined_2, infiniplex_forest_corner_2,
          infiniplex_forest_zigzag_1, infiniplex_forest_clump_diagonal,
          minmay_stone_trees_medium, minmay_rat_hole
D:3:      layout_loops_ring, gammafunk_ghost_smash, uniq_grinder
D:4:      layout_basic, minmay_temple_entry_proselytizer, minmay_bent,
          uniq_pikel
D:5:      layout_gridville
Temple:   mainiacjoe_temple_trianglar_array

Skill      XL: |  1  2  3  4  5  6  7  8 |
---------------+-------------------------+-----
Stealth        | 1 |  1.0
Fighting       | 2 3 4 |  4.5
Poison Magic   | 1 2 3 |  3.3
Unarmed Combat | 4 5 6 |  6.5
Spellcasting   | 3 4 |  4.2
Transmutations | 3 4 |  4.1
Dodging        | 3 4 |  4.0
Ice Magic      | 1 |  1.5

Action                   |  1- 3 |  4- 6 |  7- 9 || total
-------------------------+-------+-------+-------++-------
Melee: Unarmed           |    70 |   118 |   125 ||   313
       Constrict         |    15 |    18 |     2 ||    35
       Tentacles         |     7 |    16 |     1 ||    24
       Kick              |    18 |    13 |       ||    31
       Punch             |     1 |     3 |       ||     4
 Cast: Beastly Appendage |    24 |     9 |     1 ||    34
       Spider Form       |     2 |    13 |    20 ||    35
  Use: Scroll            |       |     5 |     2 ||     7
       Potion            |       |       |     3 ||     3
 Stab: Sleeping          |     4 |     5 |     1 ||    10
       Confused          |       |     3 |       ||     3
Armor: Skin              |     6 |     8 |     9 ||    23
Dodge: Dodged            |    53 |    63 |   185 ||   301
